| TOP OF THE 1ST |
|
New York Mets batting - Pitching for Colorado Rockies : RHP Rory Turner
|
|
Pitching: RHP Rory Turner
|
|
|
Batting: RHB Konstancji Andrychowski
|
0-0: Ball 1-0: Called Strike 1-1: Fly out, F9 (Flyball, 89M, EV 81.9 MPH)
|
|
Batting: SHB Dalton Pompey
|
0-0: Ball 1-0: Reached on error, E5 (Groundball, 5, EV 104.4 MPH)
|
|
Batting: LHB Deron Fernández
|
0-0: Ball 1-0: Ball 2-0: Ball 3-0: Base on Balls
|
|
Batting: LHB Jim Hayes
|
0-0: Ball 1-0: Reached on error, E7 (Flyball, 7LM, EV 94.4 MPH) Dalton Pompey to third Deron Fernández to second
|
|
Batting: RHB Mike Wilson
|
0-0: Ball 1-0: Ball 2-0: Ball 3-0: Called Strike 3-1: Fielders Choice at 2nd, 5-4 (Groundball, 56, EV 89.4 MPH) Dalton Pompey scores Deron Fernández to third
|
|
Batting: RHB Dustin Peterson
|
0-0: Called Strike 0-1: Ball 1-1: Foul Ball, location: 9LSF 1-2: Fly out, F8 (Flyball, 8LD, EV 91.9 MPH)
|
| Top of the 1st over - 1 run, 0 hits, 2 errors, 2 left on base; New York 1 - Colorado 0 |
| BOTTOM OF THE 1ST |
|
Colorado Rockies batting - Pitching for New York Mets : RHP Edgardo Castillo
|
|
Pitching: RHP Edgardo Castillo
|
|
|
Batting: RHB Joaquín López
|
0-0: Called Strike 0-1: Ball 1-1: Ball 2-1: Swinging Strike 2-2: Foul Ball, location: 2F 2-2: Strikes out swinging
|
|
Batting: LHB Sergio Martínez
|
0-0: Called Strike 0-1: Swinging Strike 0-2: Ball 1-2: Ball 2-2: SINGLE (Line Drive, 78M, EV 91.9 MPH)
|
|
Batting: RHB Jeff Miller
|
0-0: Ball 1-0: Called Strike Sergio Martínez steals 2nd base (no throw) 1-1: Ball 2-1: Foul Ball, location: 3F 2-2: Foul Ball, location: 23F 2-2: Fly out, F9 (Line Drive, 9, EV 97.5 MPH)
|
|
Batting: SHB Arturo Hernández
|
0-0: Ball Wild Pitch! Sergio Martínez to third 1-0: Foul Ball, location: 5FF 1-1: Ball 2-1: DOUBLE (Flyball, 89D, EV 94.4 MPH) Sergio Martínez scores
|
|
Batting: RHB Joe Hill
|
0-0: Ball 1-0: Ball 2-0: Foul Ball, location: 2F 2-1: Ball 3-1: Foul Ball, location: 2F 3-2: Ground out 6-3 (Groundball, 6, EV 89.4 MPH)
|
| Bottom of the 1st over - 1 run, 2 hits, 0 errors, 1 left on base; New York 1 - Colorado 1 |
| TOP OF THE 2ND |
|
New York Mets batting - Pitching for Colorado Rockies : RHP Rory Turner
|
|
Batting: LHB Reese McGuire
|
0-0: Fly out, F8 (Flyball, 78D, EV 102.5 MPH)
|
|
Batting: LHB José Vázquez
|
0-0: Called Strike 0-1: SINGLE (Line Drive, 7S, EV 88.1 MPH)
|
|
Batting: SHB Lou McKenzie
|
0-0: Foul Ball, location: 5DF 0-1: Called Strike 0-2: Strikes out swinging
|
|
Batting: RHB Konstancji Andrychowski
|
0-0: Ball 1-0: Fly out, F9 (Flyball, 9LM, EV 97.5 MPH)
|
| Top of the 2nd over - 0 runs, 1 hit, 0 errors, 1 left on base; New York 1 - Colorado 1 |
| BOTTOM OF THE 2ND |
|
Colorado Rockies batting - Pitching for New York Mets : RHP Edgardo Castillo
|
|
Batting: LHB Ron Faulkner
|
0-0: Ball 1-0: SINGLE (Line Drive, 56D, EV 107.5 MPH)
|
|
Batting: RHB Dave Ford
|
0-0: Ball 1-0: Foul Ball, location: 2LF 1-1: Ball 2-1: Called Strike Pickoff Throw by Catcher to First - Out! 2-2: Strikes out looking
|
|
Batting: RHB Mario Garza
|
0-0: Ground out 4-3 (Groundball, 4, EV 101.3 MPH)
|
| Bottom of the 2nd over - 0 runs, 1 hit, 0 errors, 0 left on base; New York 1 - Colorado 1 |
| TOP OF THE 3RD |
|
New York Mets batting - Pitching for Colorado Rockies : RHP Rory Turner
|
|
Batting: SHB Dalton Pompey
|
0-0: Called Strike 0-1: Ball 1-1: Foul Ball, location: 2F 1-2: Foul Ball, location: 5FF 1-2: Ball 2-2: Foul Ball, location: 23F 2-2: Strikes out looking
|
|
Batting: LHB Deron Fernández
|
0-0: Called Strike 0-1: Ball 1-1: Ball 2-1: Called Strike 2-2: Strikes out swinging
|
|
Batting: LHB Jim Hayes
|
0-0: Called Strike 0-1: Swinging Strike 0-2: Ball 1-2: Ball 2-2: Fly out, F9 (Line Drive, 9, EV 90.0 MPH)
|
| Top of the 3rd over - 0 runs, 0 hits, 0 errors, 0 left on base; New York 1 - Colorado 1 |
| BOTTOM OF THE 3RD |
|
Colorado Rockies batting - Pitching for New York Mets : RHP Edgardo Castillo
|
|
Batting: RHB Deivi Grullon
|
0-0: Ground out 6-3 (Groundball, 6, EV 95.6 MPH)
|
|
Batting: RHB Joaquín López
|
0-0: Called Strike 0-1: Foul Ball, location: 5F 0-2: Foul Ball, location: 3SF 0-2: Ball 1-2: Foul Ball, location: 5F 1-2: Ball 2-2: Ball 3-2: SINGLE (Line Drive, 8RS, EV 100.0 MPH)
|
|
Batting: LHB Sergio Martínez
|
0-0: Fielders Choice at 2nd, 4-6 (Groundball, 4, EV 81.9 MPH)
|
|
Batting: RHB Jeff Miller
|
0-0: Ball 1-0: Called Strike 1-1: Ball 2-1: Ball 3-1: Foul Ball, location: 3SF 3-2: Foul Ball, location: 2F 3-2: Base on Balls Sergio Martínez to second
|
|
Batting: SHB Arturo Hernández
|
0-0: Foul Ball, location: 23F 0-1: Fly out, F7 (Flyball, 7, EV 90.6 MPH)
|
| Bottom of the 3rd over - 0 runs, 1 hit, 0 errors, 2 left on base; New York 1 - Colorado 1 |
| TOP OF THE 4TH |
|
New York Mets batting - Pitching for Colorado Rockies : RHP Rory Turner
|
|
Batting: RHB Mike Wilson
|
0-0: SINGLE (Line Drive, 9LS, EV 110.0 MPH)
|
|
Batting: RHB Dustin Peterson
|
0-0: Bunted foul 0-1: Ball 1-1: Ball 2-1: Foul Ball, location: 3FF 2-2: SINGLE (Line Drive, 7S, EV 104.4 MPH) Mike Wilson to second
|
|
Batting: LHB Reese McGuire
|
0-0: Called Strike 0-1: Called Strike 0-2: Strikes out looking
|
|
Batting: LHB José Vázquez
|
0-0: Called Strike 0-1: 3-RUN HOME RUN (Flyball, 9D, EV 98.8 MPH), Distance : 371 ft
|
|
Batting: SHB Lou McKenzie
|
0-0: Ball 1-0: Foul Ball, location: 2F 1-1: Ground out 6-3 (Groundball, P, EV 88.1 MPH)
|
|
Batting: RHB Konstancji Andrychowski
|
0-0: Swinging Strike 0-1: Swinging Strike 0-2: Ball 1-2: Ball 2-2: Strikes out looking
|
| Top of the 4th over - 3 runs, 3 hits, 0 errors, 0 left on base; New York 4 - Colorado 1 |
| BOTTOM OF THE 4TH |
|
Colorado Rockies batting - Pitching for New York Mets : RHP Edgardo Castillo
|
|
Batting: RHB Joe Hill
|
0-0: Called Strike 0-1: Called Strike 0-2: Ball 1-2: Strikes out swinging
|
|
Batting: LHB Ron Faulkner
|
0-0: Ball 1-0: Ground out 4-3 (Groundball, 4D, EV 105.0 MPH)
|
|
Batting: RHB Dave Ford
|
0-0: DOUBLE (Flyball, 89D, EV 100.6 MPH)
|
|
Batting: RHB Mario Garza
|
0-0: Ball 1-0: Ball 2-0: Foul Ball, location: 2F 2-1: SINGLE (Groundball, 6MD, EV 98.1 MPH) Dave Ford to third Runner from 3rd tries for Home, SAFE, throw by CF to home Mario Garza to second
|
|
Batting: RHB Deivi Grullon
|
0-0: Foul Ball, location: 5DF 0-1: Fly out, F8 (Flyball, 8RD, EV 110.6 MPH)
|
| Bottom of the 4th over - 1 run, 2 hits, 0 errors, 1 left on base; New York 4 - Colorado 2 |
| TOP OF THE 5TH |
|
New York Mets batting - Pitching for Colorado Rockies : RHP Rory Turner
|
|
Batting: SHB Dalton Pompey
|
0-0: Called Strike 0-1: Foul Ball, location: 9LMF 0-2: Strikes out swinging
|
|
Batting: LHB Deron Fernández
|
0-0: Swinging Strike 0-1: SINGLE (Flyball, 6D, EV 88.8 MPH)
|
|
Batting: LHB Jim Hayes
|
0-0: Called Strike 0-1: Ball 1-1: Foul Ball, location: 25F 1-2: Fielders Choice at 2nd, 4-6 (Groundball, 4, EV 76.9 MPH)
|
|
Batting: RHB Mike Wilson
|
0-0: Called Strike Jim Hayes is caught stealing 2nd base 2-4
|
| Top of the 5th over - 0 runs, 1 hit, 0 errors, 0 left on base; New York 4 - Colorado 2 |
| BOTTOM OF THE 5TH |
|
Colorado Rockies batting - Pitching for New York Mets : RHP Edgardo Castillo
|
|
Batting: RHB Joaquín López
|
0-0: Ground out 6-3 (Groundball, 6, EV 85.0 MPH)
|
|
Batting: LHB Sergio Martínez
|
0-0: Fly out, F8 (Flyball, 8RM, EV 81.3 MPH)
|
|
Batting: RHB Jeff Miller
|
0-0: Ball 1-0: Ball 2-0: Swinging Strike 2-1: Ball 3-1: Base on Balls
|
|
Batting: SHB Arturo Hernández
|
0-0: Ball 1-0: Ball 2-0: Foul Ball, location: 5SF 2-1: Ball 3-1: Called Strike 3-2: Strikes out looking
|
| Bottom of the 5th over - 0 runs, 0 hits, 0 errors, 1 left on base; New York 4 - Colorado 2 |
| TOP OF THE 6TH |
|
New York Mets batting - Pitching for Colorado Rockies : RHP Rory Turner
|
|
Batting: RHB Mike Wilson
|
0-0: Foul Ball, location: 2F 0-1: Foul Ball, location: 9LDF 0-2: Ball 1-2: SINGLE (Line Drive, 78S, EV 90.0 MPH)
|
|
Batting: RHB Dustin Peterson
|
0-0: Ball 1-0: Called Strike 1-1: Fly out, F7 (Flyball, 7, EV 93.8 MPH)
|
|
Batting: LHB Reese McGuire
|
0-0: SINGLE (Groundball, 6MD, EV 94.4 MPH) Mike Wilson to second
|
|
Batting: LHB José Vázquez
|
0-0: Called Strike 0-1: Ball 1-1: Called Strike 1-2: TRIPLE (Groundball, 3L, EV 95.0 MPH) Mike Wilson scores Reese McGuire scores
|
|
Pitching: RHP Adrián López
|
|
|
Batting: SHB Lou McKenzie
|
0-0: Ball 1-0: 2-RUN HOME RUN (Line Drive, 89XD, EV 99.4 MPH), Distance : 399 ft
|
|
Batting: RHB Konstancji Andrychowski
|
0-0: Called Strike 0-1: Foul Ball, location: 5SF 0-2: Fly out, F9 (Flyball, 9D, EV 99.4 MPH)
|
|
Batting: SHB Dalton Pompey
|
0-0: Called Strike 0-1: Ball 1-1: Called Strike 1-2: Foul Ball, location: 7LDF 1-2: Foul Ball, location: 2F 1-2: Strikes out swinging
|
| Top of the 6th over - 4 runs, 4 hits, 0 errors, 0 left on base; New York 8 - Colorado 2 |
| BOTTOM OF THE 6TH |
|
Colorado Rockies batting - Pitching for New York Mets : RHP Edgardo Castillo
|
|
Batting: RHB Joe Hill
|
0-0: Ball 1-0: Foul Ball, location: 2F 1-1: Ball 2-1: SINGLE (Flyball, 4D, EV 91.3 MPH)
|
|
Batting: LHB Ron Faulkner
|
0-0: Called Strike 0-1: Foul Ball, location: 3F 0-2: Ball 1-2: Fielders Choice at 2nd, 1-6 (Groundball, 34S, EV 62.5 MPH)
|
|
Batting: RHB Dave Ford
|
0-0: Ball 1-0: SINGLE (Line Drive, 7S, EV 90.6 MPH) Ron Faulkner to second
|
|
Batting: RHB Mario Garza
|
0-0: Called Strike 0-1: Foul Ball, location: 25F 0-2: Fielders Choice at 2nd, 5-4 (Groundball, 56, EV 103.8 MPH) Ron Faulkner to third
|
|
Pitching: RHP Jim Allen
|
|
|
Batting: RHB Deivi Grullon
|
0-0: Foul Ball, location: 2F 0-1: Ball 1-1: Swinging Strike 1-2: Ball 2-2: Foul Ball, location: 2LF 2-2: Strikes out looking
|
| Bottom of the 6th over - 0 runs, 2 hits, 0 errors, 2 left on base; New York 8 - Colorado 2 |
| TOP OF THE 7TH |
|
New York Mets batting - Pitching for Colorado Rockies : RHP Adrián López
|
|
Batting: LHB Deron Fernández
|
0-0: Ball 1-0: Ball 2-0: Ball 3-0: Called Strike 3-1: Foul Ball, location: 3FF 3-2: Foul Ball, location: 3FF 3-2: Foul Ball, location: 7LMF 3-2: Strikes out swinging
|
|
Batting: LHB Jim Hayes
|
0-0: Called Strike 0-1: Called Strike 0-2: Ball 1-2: Strikes out looking
|
|
Batting: RHB Mike Wilson
|
0-0: Hit by Pitch
|
|
Batting: RHB Dustin Peterson
|
0-0: Ball 1-0: Ball 2-0: Ball 3-0: Base on Balls Mike Wilson to second
|
|
Batting: LHB Reese McGuire
|
0-0: Ball 1-0: Ball 2-0: TRIPLE (Groundball, 3L, EV 101.3 MPH) Mike Wilson scores Dustin Peterson scores
|
|
Batting: LHB José Vázquez
|
0-0: Foul Ball, location: 25F 0-1: Ball 1-1: Called Strike 1-2: Strikes out swinging
|
| Top of the 7th over - 2 runs, 1 hit, 0 errors, 1 left on base; New York 10 - Colorado 2 |
| BOTTOM OF THE 7TH |
|
Colorado Rockies batting - Pitching for New York Mets : RHP Jim Allen
|
|
Batting: RHB Joaquín López
|
0-0: Called Strike 0-1: Called Strike 0-2: Ball 1-2: Ball 2-2: Ground out 5-3 (Groundball, 56, EV 100.0 MPH)
|
|
Batting: LHB Sergio Martínez
|
0-0: Ball 1-0: Ball 2-0: Fly out, F3 (Popup, 3S, EV 76.3 MPH)
|
|
Batting: RHB Jeff Miller
|
0-0: Ball 1-0: Foul Ball, location: 23F 1-1: Swinging Strike 1-2: Ball 2-2: Ball 3-2: Ground out 6-3 (Groundball, 6, EV 94.4 MPH)
|
| Bottom of the 7th over - 0 runs, 0 hits, 0 errors, 0 left on base; New York 10 - Colorado 2 |
| TOP OF THE 8TH |
|
New York Mets batting - Pitching for Colorado Rockies : RHP Adrián López
|
|
Batting: SHB Lou McKenzie
|
0-0: Swinging Strike 0-1: Ball 1-1: Foul Ball, location: 5F 1-2: Ground out 6-3 (Groundball, 6, EV 91.3 MPH)
|
|
Batting: RHB Konstancji Andrychowski
|
0-0: Called Strike 0-1: Foul Ball, location: 2F 0-2: Strikes out swinging
|
|
Batting: SHB Dalton Pompey
|
0-0: Called Strike 0-1: Ball 1-1: Swinging Strike 1-2: Ball 2-2: DOUBLE (Flyball, 8LXD, EV 98.8 MPH)
|
|
Batting: LHB Deron Fernández
|
0-0: Fly out, F3 (Line Drive, 3L, EV 64.4 MPH)
|
| Top of the 8th over - 0 runs, 1 hit, 0 errors, 1 left on base; New York 10 - Colorado 2 |
| BOTTOM OF THE 8TH |
|
Colorado Rockies batting - Pitching for New York Mets : RHP Jim Allen
|
|
Batting: SHB Arturo Hernández
|
0-0: Called Strike 0-1: Ball 1-1: Foul Ball, location: 9LSF 1-2: Foul Ball, location: 7LMF 1-2: Ground out U3 (Groundball, 34S, EV 90.6 MPH)
|
|
Pinch Hitting: LHB Rowdy Tellez
|
0-0: Ball 1-0: DOUBLE (Flyball, 78XD, EV 96.3 MPH)
|
|
Batting: LHB Ron Faulkner
|
0-0: Ball 1-0: Called Strike 1-1: SINGLE (Line Drive, 8RS, EV 103.1 MPH) Rowdy Tellez to third
|
|
Batting: RHB Dave Ford
|
0-0: Foul Ball, location: 5SF 0-1: Ball 1-1: SINGLE (Groundball, 34D, EV 99.4 MPH) Rowdy Tellez scores Ron Faulkner to second
|
|
Batting: RHB Mario Garza
|
0-0: Fly out, F7 (Flyball, 78S, EV 77.5 MPH)
|
|
Batting: RHB Deivi Grullon
|
0-0: Called Strike 0-1: Called Strike 0-2: Ball 1-2: Strikes out swinging
|
| Bottom of the 8th over - 1 run, 3 hits, 0 errors, 2 left on base; New York 10 - Colorado 3 |
| TOP OF THE 9TH |
|
New York Mets batting - Pitching for Colorado Rockies : RHP Adrián López
|
|
Pitching: RHP Jorge Arroyo
|
|
|
Now at 1B: Rowdy Tellez
|
|
|
Now at 3B: Arturo Hernández
|
|
|
Batting: LHB Jim Hayes
|
0-0: Ball 1-0: Fly out, F8 (Line Drive, 8RS, EV 91.9 MPH)
|
|
Batting: RHB Mike Wilson
|
0-0: Foul Ball, location: 2F 0-1: Ball 1-1: DOUBLE (Flyball, 89XD, EV 108.1 MPH)
|
|
Batting: RHB Dustin Peterson
|
0-0: Ground out 4-3 (Groundball, 4, EV 83.1 MPH) Mike Wilson to third
|
|
Pinch Hitting: SHB Joe Ellis
|
0-0: Called Strike 0-1: Called Strike 0-2: Foul Ball, location: 3DF 0-2: Strikes out swinging
|
| Top of the 9th over - 0 runs, 1 hit, 0 errors, 1 left on base; New York 10 - Colorado 3 |
| BOTTOM OF THE 9TH |
|
Colorado Rockies batting - Pitching for New York Mets : RHP Jim Allen
|
|
Now at C: Joe Ellis
|
|
|
Batting: RHB Joaquín López
|
0-0: Ball 1-0: Ball 2-0: Ball 3-0: Called Strike 3-1: Called Strike 3-2: Foul Ball, location: 3F 3-2: Foul Ball, location: 5F 3-2: Strikes out swinging
|
|
Batting: LHB Sergio Martínez
|
0-0: Ball 1-0: Called Strike 1-1: Ball 2-1: Called Strike 2-2: Foul Ball, location: 23FF 2-2: Foul Ball, location: 2F 2-2: Ground out U3 (Groundball, 3L, EV 90.6 MPH)
|
|
Batting: RHB Jeff Miller
|
0-0: Swinging Strike 0-1: SINGLE (Groundball, 6MD, EV 100.0 MPH)
|
|
Batting: SHB Arturo Hernández
|
0-0: Ball 1-0: Foul Ball, location: 2F 1-1: Ball 2-1: Ball 3-1: Fly out, F5 (Popup, 6S, EV 81.9 MPH)
|
| Bottom of the 9th over - 0 runs, 1 hit, 0 errors, 1 left on base; New York 10 - Colorado 3 |
|